AoeStats
← BottleDry

Arena

508972163Analyzed
4v4 RM · 7d ago on Sep 24, 2026· 38m 35s· 8 players
Game mode
Random Map
Map size
Large (8 player)
Population
200
Speed
Normal
Resources
Standard
Victory
Conquest
Starting age
Dark Age
Ending age
Imperial Age
RankedLock teamsTeams togetherTeam positionsShared explorationLock speedFull tech treeHidden civsTurbo modeCheats
Victory
Defeat
🇲🇽 Britons · Mexico
949
+15
🇺🇸 Saxons · United States
945
+15
🇬🇧 Vikings · United Kingdom
916
+17
🇪🇨 Khmer · Ecuador
910
+17
🇺🇸 Varangians · United States
979
-18
🇦🇷 Italians · Argentina
966
-17
🇬🇧 Byzantines · United Kingdom
946
-17
🇨🇷 Mongols · Costa Rica
836
-12
Formidable Bacon
11:01 Feudal Age
16:12 Castle Age
14:45 Double-Bit Axe
14:43 Horse Collar
18:00 Bow Saw
21:40 Heavy Plow
29:21 Wheelbarrow
28:37 Loom
32:51 Imperial Age
32:26 Hand Cart
38:08 Elite Varangian Guard
38:35 Gambesons
38:52 Scale Mail Armor
rafaguila
7:32 Loom
10:07 Feudal Age
14:23 Castle Age
12:32 Double-Bit Axe
12:56 Horse Collar
14:48 Wheelbarrow
15:13 Bow Saw
16:10 Heavy Plow
20:25 Gold Mining
22:04 Stone Mining
23:34 Ballistics
23:10 Fletching
24:31 Padded Archer Armor
25:42 Bodkin Arrow
26:48 Hand Cart
27:16 Leather Archer Armor
28:04 Yeomen
28:49 Town Watch
29:54 Gold Shaft Mining
32:26 Imperial Age
30:15 Town Patrol
30:39 Scale Barding Armor
30:40 Guard Tower
31:10 Treadmill Crane
32:27 Elite Longbowman
33:37 Conscription
33:36 Bracer
34:09 Conscription
34:15 Forging
36:30 Warwolf
Greenland Viking
7:19 Loom
11:00 Feudal Age
19:07 Castle Age
18:40 Fletching
18:51 Padded Archer Armor
19:53 Bodkin Arrow
25:15 Elite Skirmisher
27:36 Leather Archer Armor
27:54 Double-Bit Axe
27:53 Horse Collar
28:58 Scale Mail Armor
29:10 Forging
31:14 Ballistics
31:35 Pikeman
40:25 Imperial Age
38:23 Chain Mail Armor
WinyHornet8
BottleDry
OnlyxOne
0:45 Loom
11:49 Feudal Age
12:56 Horse Collar
13:30 Double-Bit Axe
14:32 Bloodlines
23:23 Castle Age
23:40 Wheelbarrow
22:58 Stone Mining
22:59 Gold Mining
23:30 Fletching
24:50 Heavy Plow
24:32 Elite Skirmisher
25:57 Stone Shaft Mining
26:48 Thumb Ring
29:10 Masonry
30:34 Murder Holes
32:40 Hand Cart
33:23 Forging
33:31 Husbandry
ErCoChino
3:23 Loom
13:40 Feudal Age
14:57 Wheelbarrow
14:36 Double-Bit Axe
18:21 Castle Age
16:35 Forging
16:54 Stone Mining
16:56 Gold Mining
19:33 Scale Barding Armor
19:21 Fletching
23:25 Horse Collar
24:07 Bow Saw
25:09 Heavy Plow
31:28 Hand Cart
32:38 Iron Casting
34:54 Chain Barding Armor
39:18 Imperial Age
PNAL | Mark Max 77
12:38 Feudal Age
10:54 Loom
17:01 Castle Age
15:28 Double-Bit Axe
15:25 Horse Collar
16:31 Town Watch
17:32 Wheelbarrow
18:19 Fletching
23:14 Stone Mining
23:51 Ballistics
26:34 Gold Mining
27:37 Stone Shaft Mining
27:29 Town Patrol
28:33 Hand Cart
30:17 Bloodlines
30:08 Husbandry
31:36 Scale Barding Armor
31:28 Bodkin Arrow
31:45 Forging
32:40 Fortified Wall
36:31 Imperial Age
37:38 Conscription
Connection lost

Rejoining the realm…

Still unreachable

The connection could not be restored.

Session expired

The server has moved on; the page needs a fresh start.